 Seeded DCSS version 0.29.1-2-gbd0b4ee654 (webtiles) character file.

Game seed: 20221027 (custom seed)

216 Nerdsrcool the Poker (level 5, -1/42 HPs)
             Began as a Merfolk Chaos Knight on Oct 27, 2022.
             Was a Plaything of Xom.
             Slain by an orc priest
             ... wielding a +0 hand axe
              (10 damage)
             ... on level 3 of the Dungeon.
             The game lasted 00:11:56 (2876 turns).

Nerdsrcool the Poker (Merfolk Chaos Knight)         Turns: 2876, Time: 00:11:58

Health: -1/42      AC:  7    Str: 15    XL:     5   Next: 93%
Magic:  5/5        EV: 10    Int: 11    God:    Xom [....*.]
Gold:   60         SH:  5    Dex: 13    Spells: 4/4 levels left

rFire   . . .      SeeInvis .   a - +1 spear (chaos)
rCold   . . .      Faith    .   p - +2 buckler
rNeg    . . .      Spirit   .   d - +0 scale mail
rPois   .          Reflect  .   (no helmet)
rElec   .          Harm     .   (no cloak)
rCorr   .          Rampage  .   (no gloves)
Will    .....                   k - +0 pair of boots
Stlth   ..........              (no amulet)
HPRegen 0.14/turn               i - ring of wizardry
MPRegen 0.09/turn               (no ring)

@: no status effects
A: (nimble swimmer 2), mertail
a: Renounce Religion


You were on level 3 of the Dungeon.
You worshipped Xom.
You were a beloved toy of Xom.
You visited 1 branch of the dungeon, and saw 3 of its levels.
You also visited: Sewer.

You collected 60 gold pieces.

Inventory:

Hand Weapons
 a - a +1 spear of chaos (weapon)
 s - a +1 dagger of protection
Missiles
 f - a javelin
 m - 3 boomerangs
Armour
 b - a +2 leather armour
 d - a +0 scale mail (worn)
 k - a +0 pair of boots (worn)
 p - a +2 buckler (worn)
Jewellery
 i - a ring of wizardry (left hand)
Wands
 q - a wand of quicksilver (4)
Scrolls
 e - a scroll of poison
 g - 6 scrolls of teleportation {unknown}
Potions
 h - a potion of mutation
 n - 2 potions of haste {unknown}
 o - a potion of invisibility
Miscellaneous
 c - a piece from Xom's chessboard (14/15) (quivered)


   Skills:
 + Level 4.2 Fighting
 + Level 6.5 Polearms
 + Level 1.4 Armour
 + Level 3.4 Dodging
 + Level 1.5 Stealth
 + Level 0.5 Shields


You had 4 spell levels left.
You didn't know any spells.
Your spell library was empty.

Dungeon Overview and Level Annotations

Branches:
Dungeon (3/15)              Sewer (visited)

Altars:

Shops:
D:3 [!(


Innate Abilities, Weirdness & Mutations

((You are very nimble when in or above water. (Stealth+, EV+, Speed+++)))
Your lower body shifts to a powerful aquatic tail in water.


Message History

You reach to attack!
You hit the giant cockroach. You freeze the giant cockroach.
The giant cockroach is severely wounded.
You reach to attack!
You completely miss the giant cockroach.
The giant cockroach is severely wounded.
Something hits you.
You miss something.
You hear some strange, mumbled words.
A magic dart appears from out of thin air!
The magic dart hits you.
You closely miss something. Something hits you but does no damage.
You barely miss something. Something hits you.
You closely miss something. Something hits you but does no damage.
You make a move on Xom's chessboard...
The giant cockroach twists and deforms.
You block something's attack.
You hit something. You freeze something.
Reactivating autopickup.
You feel a bit more experienced.
The giant cockroach waves its antennae.
You hit the giant cockroach. You freeze the giant cockroach.
You kill the giant cockroach!
Something hits you but does no damage.
Deactivating autopickup; reactivate with Ctrl-A.
Things that are here:
a +0 dagger; a +0 robe You hit something but do no damage.
You block something's attack.
You hit something. Something hits you.
You miss something. Something hits you.
You hit something but do no damage. Something hits you!
* * * LOW HITPOINT WARNING * * *
You completely miss something. Something completely misses you.
You hit something but do no damage.
Nothing appears to happen.
Something hits you.
* * * LOW HITPOINT WARNING * * *
You feel better. Something hits you!
* * * LOW HITPOINT WARNING * * *
Something hits you!
You die... "Boring in life, boring in death..."

#.~≈~≈≈.....#
#...∩≈≈.....##..
#.~≈≈≈≈.....#...
#..≈≈≈......##.#
#............#..
#............#.#####
#............#.....#..
#########+#.##........
#.)@{# ####....#
####.# #


There were no monsters in sight!

Vanquished Creatures
  An orc wizard (D:3)
  6 adders
  5 river rats (Sewer)
  A worm (D:2)
  A dart slug (D:3)
  5 orcs
  6 ball pythons
  6 bats
  6 endoplasms
  5 giant cockroaches
  5 goblins
  4 hobgoblins
  9 jackals
  2 quokkas
  6 frilled lizards
  6 kobolds
  10 rats
84 creatures vanquished.

Vanquished Creatures (others)
  A golden eye (shapeshifter) (D:3)
  An orc priest (D:3)
  An orc (D:3)
  3 plants (Sewer)
6 creatures vanquished.

Grand Total: 90 creatures vanquished

Notes
Turn   | Place    | Note
-------+----------+-------------------------------------------
     0 | D:1      | Nerdsrcool the Merfolk Chaos Knight began the quest for the
                  | Orb.
     0 | D:1      | Reached XP level 1. HP: 18/18 MP: 1/1
    63 | D:1      | Reached XP level 2. HP: 23/24 MP: 2/2
   342 | D:1      | Reached XP level 3. HP: 22/30 MP: 3/3
   844 | D:2      | XOM: silly message
   897 | D:2      | Reached skill level 1 in Armour
   917 | D:2      | Reached skill level 5 in Polearms
   968 | D:2      | Found a faded altar of an unknown god.
  1023 | D:2      | Reached XP level 4. HP: 37/37 MP: 4/4
  1346 | D:2      | XOM: 5-stop teleportation journey
  1347 | D:2      | XOM: god gift: wand of quicksilver (4)
  1758 | D:3      | Found Byalan's Weapon Shop.
  1765 | D:3      | XOM: cast spell 'Cause Fear'
  1844 | D:3      | Found a glowing drain.
  1854 | Sewer    | Entered a sewer
  1894 | Sewer    | Reached XP level 5. HP: 42/42 MP: 5/5
  1938 | Sewer    | Reached skill level 1 in Stealth
  2054 | Sewer    | Reached skill level 6 in Polearms
  2667 | D:3      | Found Jioxkomm's Antique Armour Shoppe.
  2695 | D:3      | Found Piajal's Distillery.
  2704 | D:3      | XOM: enchant monster (good)
  2708 | D:3      | Noticed a shapeshifter
  2708 | D:3      | an orc wizard changed into a shapeshifter
  2708 | D:3      | Noticed a golden eye
  2708 | D:3      | a shapeshifter changed into a golden eye
  2709 | D:3      | XOM: destruction
  2710 | D:3      | Killed a golden eye
  2852 | D:3      | XOM: god gift: javelin
  2876 | D:3      | Slain by an orc priest

Illustrated notes

Levels and vault maps discovered:
D:1:      minmay_arrival_four_houses, layout_rooms, chequers_garden,
          grunt_decor_mini_mirrors
D:2:      kennysheep_six_static_rooms, layout_basic,
          hellmonk_ecumenical_altar_prayer_group
D:3:      layout_basic, cheibrodos_sewer_entry_drain, serial_shops,
          nicolae_shop_stone, nicolae_shop_stone, nicolae_shop_waterfront, shop

Skill      XL: |  1  2  3  4  5 |
---------------+----------------+-----
Fighting       | 4 |  4.2
Dodging        | 3 |  3.4
Armour         | 1 |  1.4
Polearms       | 5 6 |  6.5
Stealth        | 1 |  1.5
Shields        | |  0.5

Action                   |  1- 3 |  4- 6 || total
-------------------------+-------+-------++-------
Melee: Spear             |   114 |   214 ||   328
       Tailslap          |       |     5 ||     5
Evoke: Piece from Xom's  |       |     1 ||     1
  Use: Scroll            |       |     8 ||     8
       Potion            |       |     2 ||     2
 Stab: Paralysed         |     1 |     2 ||     3
       Sleeping          |     2 |     4 ||     6
       Distracted        |     1 |       ||     1
       Fleeing           |       |     1 ||     1
Armor: Leather armour    |    27 |    33 ||    60
       Scale mail        |       |     5 ||     5
Dodge: Dodged            |    52 |    71 ||   123
Block: Buckler           |       |    21 ||    21
